 Dungeon Crawl Stone Soup version 0.30-a0-879-ga8ba668304 (webtiles) character file.

Game seed: 5615218067864803261

529 gelatine the Chopper (level 7, -17/53 HPs)
             Began as a Demonspawn Gladiator on Mar 13, 2023.
             Demolished by an ogre
             ... wielding a +0 giant club
              (22 damage)
             ... on level 4 of the Dungeon.
             The game lasted 00:08:05 (3480 turns).

gelatine the Chopper (Demonspawn Gladiator)         Turns: 3480, Time: 00:08:05

Health: -17/53     AC:  6    Str: 16    XL:     7   Next: 3%
Magic:  9/9        EV: 13    Int: 10    God:
Gold:   262        SH:  0    Dex: 14    Spells: 5/9 levels left

rFire   . . .      SeeInvis .    a - +0 war axe
rCold   . . .      Faith    .    (no shield)
rNeg    . . .      Spirit   .    b - +0 leather armour
rPois   .          Reflect  .    c - +0 helmet
rElec   .          Rampage  .    (no cloak)
rCorr   .                        (no gloves)
Will    .....                    u - +0 pair of boots
Stlth   +                        h - amulet of the acrobat
HPRegen 0.28/turn                (no ring)
MPRegen 0.22/turn                (no ring)

@: no status effects
A: claws 2, rugged brown scales 1, magic regeneration
a: no special abilities


You were on level 4 of the Dungeon.
You visited 1 branch of the dungeon, and saw 4 of its levels.

You collected 262 gold pieces.

Inventory:

Hand Weapons
 a - a +0 war axe (weapon)
Missiles
 e - a javelin
 n - 4 boomerangs (quivered)
 p - 2 throwing nets
 t - 5 poisoned darts
Armour
 b - a +0 leather armour (worn)
 c - a +0 helmet (worn)
 u - a +0 pair of boots (worn)
Jewellery
 g - a ring of fire
 h - an amulet of the acrobat (around neck)
Scrolls
 f - 2 scrolls of immolation
 i - a scroll of poison
 j - 2 scrolls of fog {unknown}
 l - 5 scrolls of identify {unknown}
 m - 2 scrolls of fear {unknown}
 s - a scroll of teleportation {unknown}
Potions
 d - a potion of berserk rage {unknown}
 k - a potion of degeneration
 o - a potion of curing
 q - 2 potions of flight {unknown}
 r - 2 potions of heal wounds {unknown}


   Skills:
 * Level 3.1 Fighting
 * Level 5.1 Axes
 + Level 2.2 Throwing
 * Level 2.0 Armour
 * Level 3.6 Dodging
 + Level 0.5 Stealth
 * Level 1.7 Spellcasting
 * Level 1.4 Poison Magic


You had 5 spell levels left.
You knew the following spells:

 Your Spells              Type           Power      Damage    Failure   Level
a - Olgreb's Toxic Radia  Pois           3%         N/A       91%         4

Your spell library contained the following spells:

 Spells                   Type           Power      Damage    Failure   Level
 Sting                    Tmut/Pois      8%         1d3       30%         1
 Poisonous Vapours        Pois/Air       4%         N/A       41%         2
 Frozen Ramparts          Ice            0%         1d1       75%         3
 Ice Form                 Ice/Tmut       0%         N/A       98%         4
 Summon Ice Beast         Ice/Summ       0%         N/A       98%         4


Dungeon Overview and Level Annotations

Branches:
Dungeon (4/15)             Temple (0/1) D:4

Altars:
Okawaru


Innate Abilities, Weirdness & Mutations

You have very sharp fingernails.
You are partially covered in rugged brown scales. (AC +1, +3% HP)
You regenerate magic rapidly.


Message History

a +0 dagger; a kobold corpse; an iguana corpse
Found a chain mail.
f - 3 scrolls labelled OQEITU VORITH (gained 1)
An ogre comes into view. It is wielding a +0 giant club.
Found 15 gold pieces.
The ogre shouts!
You see here a ring of fire.
You barely miss the ogre. The ogre misses you.
You throw a boomerang. The boomerang hits the ogre.
The ogre is lightly wounded.
The ogre barely misses you.
You hit the ogre but do no damage.
The ogre is lightly wounded.
You hit the ogre.
The ogre is lightly wounded.
The ogre hits you with a +0 giant club!!
Ouch! That really hurt!
You barely miss the ogre.
The ogre is lightly wounded.
The ogre hits you with a +0 giant club!!
* * * LOW HITPOINT WARNING * * *
You completely miss the ogre.
The ogre is lightly wounded.
The ogre barely misses you.
You feel better.
You hit the ogre but do no damage.
The ogre is lightly wounded.
The ogre misses you.
You slash the ogre!
The ogre is moderately wounded.
The ogre hits you with a +0 giant club!
* * * LOW HITPOINT WARNING * * *
As you read the scroll labelled OQEITU VORITH, it crumbles to dust.
The creatures around you are filled with an inner flame!
It was a scroll of immolation.
The ogre barely misses you.
The air fills with toxic fumes!
As you read the scroll labelled IBERIYX KAUJEDGH, it crumbles to dust.
It was a scroll of poison.
The ogre hits you with a +0 giant club!!
You die...

#.........#..
#.§§......##.
#§§§......##.
##§§§......##.
###§§######.....
#§§§## #.####
###§### #.# ##
##§§§##### #.###.
#§@§§§§§§### #.##..
#O###§§§§§.###.....
#§=.###§§§.##......
#§....###§......##.
#§.....$###...####.
#§....###...### #.
#§..###.....# ##.
#§###...###.# #..
#.....###...#####).


You could see an ogre (inner flame).

Vanquished Creatures
  Sigmund (D:2)
  An ogre (D:4)
  2 hounds
  A jelly (D:4)
  An iguana (D:4)
  Terence (D:2)
  4 adders
  2 worms (D:3)
  4 dart slugs
  3 orcs
  11 ball pythons
  2 endoplasms
  5 goblins
  3 hobgoblins
  9 jackals
  7 kobolds
  5 quokkas
  12 bats
  A frilled lizard (D:2)
  8 rats
83 creatures vanquished.

Notes
Turn   | Place    | Note
-------+----------+-------------------------------------------
     0 | D:1      | gelatine the Demonspawn Gladiator began the quest for the
                  | Orb.
     0 | D:1      | Reached XP level 1. HP: 16/16 MP: 1/1
   163 | D:1      | Gained mutation: You have sharp fingernails. [demonic
                  | ancestry]
   163 | D:1      | Reached XP level 2. HP: 22/22 MP: 2/2
   327 | D:1      | Found a faded altar of an unknown god.
   380 | D:1      | Reached skill level 3 in Axes
   717 | D:2      | Gained mutation: You are partially covered in rugged brown
                  | scales. (AC +1, +3% HP) [demonic ancestry]
   717 | D:2      | Reached XP level 3. HP: 21/27 MP: 3/3
   884 | D:2      | Noticed Terence
   896 | D:2      | Killed Terence
  1135 | D:2      | Reached XP level 4. HP: 35/35 MP: 4/4
  1159 | D:2      | Learned a level 4 spell: Olgreb's Toxic Radiance
  1377 | D:2      | Noticed Sigmund
  1414 | D:2      | Killed Sigmund
  1415 | D:2      | Reached skill level 4 in Axes
  1415 | D:2      | Reached skill level 1 in Armour
  1415 | D:2      | Reached skill level 1 in Spellcasting
  1415 | D:2      | Gained mutation: You regenerate magic rapidly. [demonic
                  | ancestry]
  1415 | D:2      | Reached XP level 5. HP: 18/41 MP: 4/6
  1978 | D:3      | Reached skill level 1 in Poison Magic
  1985 | D:3      | Found an iron altar of Okawaru.
  2066 | D:3      | Gained mutation: You have very sharp fingernails. [demonic
                  | ancestry]
  2066 | D:3      | Reached XP level 6. HP: 26/47 MP: 7/7
  3076 | D:4      | Reached skill level 5 in Axes
  3276 | D:4      | Found a staircase to the Ecumenical Temple.
  3391 | D:4      | Reached XP level 7. HP: 43/53 MP: 9/9
  3480 | D:4      | Demolished by an ogre

Illustrated notes

Levels and vault maps discovered:
D:1:      dpeg_arrival_subterranean_lakeside_camping, layout_rooms,
          hellmonk_ecumenical_altar_leap_of_faith
D:2:      layout_loops_corners, grunt_ministairs_7, minmay_quantized,
          uniq_terence, uniq_sigmund
D:3:      layout_basic, general_overflow_altar
D:4:      layout_rooms, minmay_temple_entry_nine_rooms, minmay_unequal

Skill      XL: |  1  2  3  4  5  6 |
---------------+-------------------+-----
Throwing       | 2 |  2.2
Axes           | 3 4 5 |  5.1
Dodging        | 3 |  3.6
Armour         | 1 2 |  2.0
Spellcasting   | 1 |  1.7
Poison Magic   | 1 |  1.4
Fighting       | 3 |  3.1
Stealth        | |  0.5

Action                     |  1- 3 |  4- 6 |  7- 9 || total
---------------------------+-------+-------+-------++-------
  Melee: War axe           |   102 |   121 |    10 ||   233
         Punch             |       |     1 |     1 ||     2
  Throw: Throwing net      |       |     3 |       ||     3
         Boomerang         |       |    33 |     1 ||    34
         Javelin           |       |     1 |       ||     1
    Use: Potion            |       |     4 |     1 ||     5
         Scroll            |       |       |     2 ||     2
   Stab: Sleeping          |       |     1 |       ||     1
 Armour: Leather armour    |    45 |    29 |     1 ||    75
         Skin              |       |     2 |       ||     2
  Dodge: Dodged            |    95 |    83 |     6 ||   184

Table legend: (Time is in decaauts)
 A = Elapsed time spent in this place.
 B = Non-inter-level travel time spent in this place.
 C = Inter-level travel time spent in this place.
 D = Time resting spent in this place.
 E = Time spent auto-exploring this place.
 F = Levels seen in this place.
 G = Mean time per level.
                   A        B        C        D        E       F      G
               +--------+--------+--------+--------+--------+-----+--------+
         Total |   3557 |   3435 |    122 |      0 |   2677 |   4 |  889.2 |
       Dungeon |   3557 |   3435 |    122 |      0 |   2677 |   4 |  889.2 |
               +--------+--------+--------+--------+--------+-----+--------+

Top non-repeatable levels by time:
     D:2: 1234 daAuts
     D:3: 990 daAuts
     D:1: 672 daAuts
     D:4: 659 daAuts
